AoeStats
← Blafro

Migration

509894840Analyzed
1v1 RM · 3d ago on Sep 28, 2026· 42m 34s· 2 players
Game mode
Random Map
Map size
132×132
Population
200
Speed
Normal
Resources
Standard
Victory
Conquest
Starting age
Dark Age
Ending age
Imperial Age
RankedLock teamsTeams togetherTeam positionsShared explorationLock speedFull tech treeHidden civsTurbo modeCheats
Victory
Defeat
🇬🇧 Huns · United Kingdom
1075
+15
🇩🇪 Poles · Germany
1056
-15
Blafro
9:23 Loom
11:12 Feudal Age
12:09 Double-Bit Axe
14:29 Man-at-Arms
17:33 Castle Age
18:15 Scale Mail Armor
19:02 Long Swordsman
19:55 Horse Collar
28:04 Bow Saw
32:15 Heavy Plow
34:08 Scale Barding Armor
34:14 Forging
34:33 Szlachta Privileges
34:46 Bloodlines
41:22 Imperial Age
39:28 Husbandry
39:51 Chain Barding Armor
40:45 Wheelbarrow
40:52 Town Watch
fmmm202
10:55 Loom
13:00 Feudal Age
13:36 Man-at-Arms
14:10 Arson
14:36 Scale Mail Armor
16:47 Castle Age
15:27 Forging
17:03 Long Swordsman
17:45 Squires
26:56 Bloodlines
29:48 Medium Warships
31:34 Fishing Lines
33:45 Gillnets
35:07 Pikeman
42:02 Imperial Age
Connection lost

Rejoining the realm…

Still unreachable

The connection could not be restored.

Session expired

The server has moved on; the page needs a fresh start.